AoeStats
← oddswill

Arena

508805831Analyzed
2v2 RM · 8d ago on Sep 24, 2026· 58m 51s· 4 players
Game mode
Random Map
Map size
Medium (4 player)
Population
200
Speed
Normal
Resources
Standard
Victory
Conquest
Starting age
Dark Age
Ending age
Imperial Age
RankedLock teamsTeams togetherTeam positionsShared explorationLock speedFull tech treeHidden civsTurbo modeCheats
Victory
Defeat
🇺🇸 Khmer · United States
549
+12
🇺🇸 Khmer · United States
537
+12
🇺🇸 Bulgarians · United States
450
-12
🇺🇸 Romans · United States
450
-12
sadsciencee
8:15 Loom
10:51 Feudal Age
12:13 Double-Bit Axe
14:57 Castle Age
13:24 Horse Collar
14:40 Bloodlines
18:00 Light Cavalry
20:23 Bow Saw
23:34 Gold Mining
25:24 Heavy Plow
26:21 Forging
26:28 Scale Barding Armor
28:25 Chain Barding Armor
30:06 Iron Casting
34:41 Wheelbarrow
34:51 Gold Shaft Mining
37:08 Hand Cart
37:10 Husbandry
37:02 Fletching
42:09 Imperial Age
42:22 Bodkin Arrow
43:20 Conscription
44:08 Heavy Scorpion
44:48 Cavalier
46:19 Murder Holes
46:35 Masonry
46:47 Ballistics
47:27 Chemistry
54:41 Plate Barding Armor
55:07 Blast Furnace
54:07 Bracer
54:08 Padded Archer Armor
54:25 Double Crossbow
56:48 Hoardings
oddswill
11:03 Feudal Age
14:43 Wheelbarrow
14:58 Horse Collar
18:56 Double-Bit Axe
21:57 Castle Age
21:52 Gold Mining
22:56 Hand Cart
22:54 Bow Saw
22:44 Elite Skirmisher
23:57 Pikeman
26:02 Town Watch
27:34 Heavy Plow
29:35 Gold Shaft Mining
30:15 Masonry
30:26 Ballistics
30:14 Scale Barding Armor
30:02 Fletching
30:13 Padded Archer Armor
31:48 Stone Mining
34:07 Bloodlines
33:59 Husbandry
36:26 Town Patrol
37:57 Bodkin Arrow
38:24 Chain Barding Armor
38:06 Murder Holes
42:19 Tusk Swords
47:36 Imperial Age
45:26 Leather Archer Armor
45:11 Guard Tower
49:04 Plate Barding Armor
49:33 Chemistry
49:04 Architecture
48:51 Elite Battle Elephant
50:29 Ring Archer Armor
50:00 Bracer
51:38 Hoardings
51:24 Conscription
54:40 Capped Ram
55:49 Crossbowman
56:38 Caravan
58:24 Crop Rotation
sixteen360
10:02 Feudal Age
10:31 Double-Bit Axe
12:54 Horse Collar
15:34 Wheelbarrow
20:28 Castle Age
18:53 Gold Mining
22:25 Bow Saw
22:17 Heavy Plow
27:50 Hand Cart
27:22 Loom
28:24 Gold Shaft Mining
29:22 Forging
29:13 Scale Mail Armor
29:37 Man-at-Arms
30:18 Squires
29:40 Pikeman
31:23 Stone Mining
32:17 Caravan
33:12 Long Swordsman
40:38 Imperial Age
39:21 Iron Casting
39:02 Chain Mail Armor
41:17 Halberdier
41:25 Legionary
41:38 Onager
45:24 Blast Furnace
50:25 Heavy Scorpion
55:41 Comitatenses
55:44 Conscription
55:32 Ballistas
ejav
10:13 Feudal Age
10:54 Double-Bit Axe
10:51 Horse Collar
18:01 Castle Age
17:51 Scale Barding Armor
17:57 Forging
17:47 Scale Mail Armor
17:39 Fletching
19:57 Bow Saw
19:46 Gold Mining
21:25 Gold Shaft Mining
21:35 Heavy Plow
23:47 Stone Mining
26:22 Wheelbarrow
25:34 Town Watch
25:17 Pikeman
34:14 Stone Shaft Mining
33:30 Gambesons
33:46 Squires
33:32 Arson
35:13 Hand Cart
38:29 Imperial Age
39:37 Town Patrol
42:17 Crop Rotation
43:25 Masonry
44:17 Chemistry
44:39 Chain Barding Armor
44:30 Forging
44:20 Scale Mail Armor
44:11 Fletching
46:13 Bloodlines
45:24 Light Cavalry
46:04 Husbandry
45:31 Light Cavalry
48:22 Hussar
Connection lost

Rejoining the realm…

Still unreachable

The connection could not be restored.

Session expired

The server has moved on; the page needs a fresh start.